 Dungeon Crawl Stone Soup version 0.25.0-37-gb73750e0fb (webtiles) character file.

Game seed: 12211372096976290433

498 Peloso the Skirmisher (level 7, 0/55 (60) HPs)
             Began as a Ghoul Fighter on July 9, 2020.
             Slain by an orc priest
             ... wielding a +0 club
              (4 damage)
             ... on level 5 of the Dungeon.
             The game lasted 00:07:37 (3726 turns).

Peloso the Skirmisher (Ghoul Fighter)               Turns: 3726, Time: 00:07:39

HP:   0/55 (60)     AC:  7    Str: 20    XL:     7   Next: 16%
MP:   6/6           EV:  8    Int:  3    God:
Gold: 115           SH:  9    Dex: 10    Spells: 6/6 levels left

rFire    . . .     SeeInvis .   a - +0 long sword
rCold    + . .     Gourm    .   c - +0 kite shield
rNeg     + + +     Faith    .   b - +0 scale mail
rPois    ∞         Spirit   .   (no helmet)
rElec    .         Reflect  .   (no cloak)
rCorr    .         Harm     .   (no gloves)
MR       .....                  (no boots)
Stlth    +.........             (no amulet)
HPRegen  0.00/turn              (no ring)
MPRegen  0.10/turn              l - ring of stealth

@: rotting
A: rotting body, claws 1, carnivore, cold resistance 1, negative energy
resistance 3, inhibited regeneration, torment resistance, unbreathing
a: no special abilities


You were on level 5 of the Dungeon.
You were not hungry.

You visited 1 branch of the dungeon, and saw 5 of its levels.

You collected 115 gold pieces.

Inventory:

Hand Weapons
 a - a +0 long sword (weapon)
 n - a +4 spear
Armour
 b - a +0 scale mail (worn)
 c - a +0 kite shield (worn)
Jewellery
 l - a ring of stealth (right claw)
Wands
 d - a wand of flame (20)
Scrolls
 i - 5 scrolls of identify {unknown}
 j - a scroll of amnesia {unknown}
 m - a scroll of fog {unknown}
 o - 2 scrolls of teleportation
Potions
 e - a potion of stabbing {unknown}
 g - a potion of ambrosia {unknown}
 h - a potion of resistance {unknown}
 k - a potion of haste {unknown}
 p - a potion of flight {unknown}
Comestibles
 f - 8 rations


   Skills:
 + Level 4.3 Fighting
 + Level 4.1 Long Blades
 + Level 4.1 Armour
 + Level 1.1 Dodging
 + Level 0.2 Stealth
 + Level 4.3 Shields


You had 6 spell levels left.
You didn't know any spells.
Your spell library was empty.

Dungeon Overview and Level Annotations

Branches:
Dungeon (5/15)
 Temple: D:4-7

Altars:

Annotations:
D:5 Pikel


Innate Abilities, Weirdness & Mutations

Your body is rotting away.
You thrive on raw meat.
You are immune to poison.
You have sharp fingernails.
You are carnivorous and can eat meat at any time.
Your flesh is cold resistant. (rC+)
You are immune to negative energy. (rN+++)
You do not regenerate when monsters are visible.
You are immune to unholy pain and torment.
You can survive without breathing.


Message History

* * * LOW HITPOINT WARNING * * *
You barely miss the orc priest.
The orc priest is almost dead.
The orc priest hits you with a +0 club.
* * * LOW HITPOINT WARNING * * *
The orc barely misses you.
You riposte.
You hit the orc.
The orc is severely wounded.
You barely miss the orc priest.
The orc priest is almost dead.
You block the orc priest's attack. The orc hits you with a +0 mace.
* * * LOW HITPOINT WARNING * * *
You closely miss the orc priest.
The orc priest is almost dead.
The orc priest invokes the aid of Beogh against you.
Beogh smites you!
* * * LOW HITPOINT WARNING * * *
The orc barely misses you.
You riposte.
You closely miss the orc.
The orc is severely wounded.
The orc priest hits you with a +0 club.
You die...

#.#.## #.#..#
#####
###.##.#......
#.............
#.#.##.#.#####
#.#.##.# # #
#....#
#†####.##.
#o@o..>...
######.##.


You could see an orc priest and an orc.

Vanquished Creatures
  An ice beast (D:3)
  An ogre (D:3)
  A hound (D:5)
  A centaur skeleton (D:5)
  An orc wizard (D:5)
  Terence (D:2)
  7 adders
  4 gnolls
  A shadow imp (D:3)
  2 oozes
  A worm (D:3)
  A dart slug (D:1)
  3 leopard geckos
  2 orcs
  3 giant cockroaches
  14 goblins
  13 hobgoblins
  A jackal (D:1)
  11 kobolds
  A quokka (D:3)
  3 ball pythons
  4 bats
  5 frilled lizards
  3 rats
  A fungus (D:1)
86 creatures vanquished.

Notes
Turn   | Place    | Note
-------+----------+-------------------------------------------
     0 | D:1      | Peloso the Ghoul Fighter began the quest for the Orb.
     0 | D:1      | Reached XP level 1. HP: 19/19 MP: 0/0
    56 | D:1      | Reached XP level 2. HP: 23/26 MP: 1/1
   443 | D:1      | Reached XP level 3. HP: 31/31 MP: 2/2
  1443 | D:2      | Reached XP level 4. HP: 40/40 MP: 3/3
  1603 | D:2      | Noticed Terence
  1626 | D:2      | Killed Terence
  1722 | D:2      | Reached XP level 5. HP: 34/46 MP: 4/4
  2739 | D:3      | Noticed an ogre
  2749 | D:3      | Killed an ogre
  2749 | D:3      | Reached XP level 6. HP: 24/52 MP: 5/5
  3130 | D:3      | Noticed an ice beast
  3154 | D:3      | Killed an ice beast
  3154 | D:3      | Reached skill level 1 in Dodging
  3424 | D:3      | You fall into a shaft and drop 2 floors!
  3424 | D:5      | Entered Level 5 of the Dungeon
  3442 | D:5      | Reached XP level 7. HP: 49/58 MP: 6/6
  3471 | D:5      | Noticed Pikel
  3726 | D:5      | Slain by an orc priest

Illustrated notes

Levels and vault maps discovered:
D:1:      dpeg_cavernosity, layout_rooms
D:2:      layout_rooms, minmay_goblin_outpost, uniq_terence
D:3:      minmay_angry_zag, layout_basic, lemuel_doored_altar, first_ration
D:4:      wad_woods_stonehenge, layout_basic,
          chequers_temple_overflow_minitemple, serial_shops,
          nicolae_shop_waterfront
D:5:      layout_basic, uniq_menkaure, uniq_pikel

Skill      XL: |  1  2  3  4  5  6  7 |
---------------+----------------------+-----
Long Blades    | 2 3 4 |  4.1
Armour         | 3 4 |  4.1
Shields        | 3 4 |  4.3
Fighting       | 4 |  4.3
Dodging        | 1 |  1.1
Stealth        | |  0.2

Action                   |  1- 3 |  4- 6 |  7- 9 || total
-------------------------+-------+-------+-------++-------
Melee: Long sword        |   152 |   193 |    42 ||   387
  Use: Potion            |     1 |     1 |       ||     2
       Scroll            |       |     1 |     1 ||     2
  Eat: Chunk             |     3 |     5 |       ||     8
       Ration            |       |       |     1 ||     1
Armor: Scale mail        |    74 |    59 |    24 ||   157
Dodge: Dodged            |    55 |    55 |    17 ||   127
Block: Kite shield       |    74 |    99 |    23 ||   196
       Rpst.: Long sword |    16 |    19 |     9 ||    44
